TOP OF THE 1ST |
Philadelphia Phillies batting - Pitching for New York Mets : RHP Jon Gray
|
Pitching: RHP Jon Gray
|
|
Batting: LHB Nick Maton
|
0-0: Called Strike 0-1: Ball 1-1: Swinging Strike 1-2: Foul Ball, location: 25FF 1-2: Ball 2-2: Foul Ball, location: 25F 2-2: Foul Ball, location: 2F 2-2: Ground out 4-3 (Groundball, 4, EV 108.8 MPH)
|
Batting: RHB Oscar Gonzalez
|
0-0: Ball 1-0: Foul Ball, location: 2F 1-1: Ball 2-1: Ball 3-1: Foul Ball, location: 9LSF 3-2: Foul Ball, location: 2LF 3-2: SINGLE (Groundball, 15S, EV 75.0 MPH) (infield hit)
|
Batting: RHB George Springer
|
0-0: Called Strike 0-1: Ball 1-1: Called Strike 1-2: Foul Ball, location: 23F 1-2: Ball 2-2: Foul Ball, location: 9LMF 2-2: Strikes out swinging
|
Batting: RHB Austin Riley
|
0-0: Foul Ball, location: 2F 0-1: Fly out, F8 (Line Drive, 8LS, EV 102.5 MPH)
|
Top of the 1st over - 0 runs, 1 hit, 0 errors, 1 left on base; Philadelphia 0 - New York 0 |
BOTTOM OF THE 1ST |
New York Mets batting - Pitching for Philadelphia Phillies : RHP Davis Martin
|
Pitching: RHP Davis Martin
|
|
Batting: LHB Jake Cronenworth
|
0-0: Swinging Strike 0-1: Called Strike 0-2: Ball 1-2: Strikes out swinging
|
Batting: RHB Bobby Witt Jr.
|
0-0: Ball 1-0: Foul Ball, location: 5DF 1-1: Ball 2-1: Fly out, F8 (Flyball, 8LD, EV 110.6 MPH)
|
Batting: LHB Kyle Manzardo
|
0-0: Ground out U3 (Groundball, 3, EV 105.6 MPH)
|
Bottom of the 1st over - 0 runs, 0 hits, 0 errors, 0 left on base; Philadelphia 0 - New York 0 |
TOP OF THE 2ND |
Philadelphia Phillies batting - Pitching for New York Mets : RHP Jon Gray
|
Batting: RHB Albert Pujols
|
0-0: Called Strike 0-1: Ball 1-1: Foul Ball, location: 5F 1-2: Ball 2-2: Ground out 6-3 (Groundball, 6, EV 79.4 MPH)
|
Batting: RHB Andrew McCutchen
|
0-0: Called Strike 0-1: Foul Ball, location: 2F 0-2: Fly out, F7 (Flyball, 78D, EV 104.4 MPH)
|
Batting: RHB William Contreras
|
0-0: Foul Ball, location: 9LSF 0-1: SINGLE (Line Drive, 9S, EV 104.4 MPH)
|
Batting: RHB Jonathan Schoop
|
0-0: Called Strike 0-1: 2-RUN HOME RUN (Flyball, 89XD, EV 105.0 MPH), Distance : 428 ft
|
Batting: RHB Avisail Garcia
|
0-0: Swinging Strike 0-1: Ground out 6-3 (Groundball, 6, EV 86.9 MPH)
|
Top of the 2nd over - 2 runs, 2 hits, 0 errors, 0 left on base; Philadelphia 2 - New York 0 |
BOTTOM OF THE 2ND |
New York Mets batting - Pitching for Philadelphia Phillies : RHP Davis Martin
|
Batting: RHB J.D. Martinez
|
0-0: Swinging Strike 0-1: Foul Ball, location: 9LMF 0-2: Fly out, F3 (Popup, 3F, EV 66.3 MPH)
|
Batting: LHB Jake McCarthy
|
0-0: Ball 1-0: Ball 2-0: Ball 3-0: Base on Balls
|
Batting: RHB Ryan Mountcastle
|
0-0: Called Strike 0-1: 2-RUN HOME RUN (Flyball, 9D, EV 103.8 MPH), Distance : 404 ft
|
Batting: RHB Willy Adames
|
0-0: Ball 1-0: Ball 2-0: Swinging Strike 2-1: Ground out 4-3 (Groundball, 4, EV 83.1 MPH)
|
Batting: RHB Michael A. Taylor
|
0-0: Foul Ball, location: 9LSFF 0-1: Swinging Strike 0-2: Foul Ball, location: 5FF 0-2: Strikes out swinging
|
Bottom of the 2nd over - 2 runs, 1 hit, 0 errors, 0 left on base; Philadelphia 2 - New York 2 |
TOP OF THE 3RD |
Philadelphia Phillies batting - Pitching for New York Mets : RHP Jon Gray
|
Batting: LHB Nick Maton
|
0-0: Ball 1-0: Ball 2-0: Ball 3-0: Called Strike 3-1: Base on Balls
|
Batting: RHB Oscar Gonzalez
|
0-0: Grounds into double play, 6-4-3 (Groundball, 6, EV 85.6 MPH)
|
Batting: RHB George Springer
|
0-0: Called Strike 0-1: Ball 1-1: Swinging Strike 1-2: Ball 2-2: Ball 3-2: Base on Balls
|
Batting: RHB Austin Riley
|
0-0: Ball 1-0: Ball 2-0: Called Strike 2-1: Ball 3-1: Foul Ball, location: 3F 3-2: Strikes out swinging
|
Top of the 3rd over - 0 runs, 0 hits, 0 errors, 1 left on base; Philadelphia 2 - New York 2 |
BOTTOM OF THE 3RD |
New York Mets batting - Pitching for Philadelphia Phillies : RHP Davis Martin
|
Batting: RHB Christian Vázquez
|
0-0: Foul Ball, location: 5F 0-1: Ball 1-1: Ball 2-1: Ground out 6-3 (Groundball, 6, EV 86.3 MPH)
|
Batting: LHB Jake Cronenworth
|
0-0: Foul Ball, location: 25FF 0-1: SOLO HOME RUN (Flyball, 9D, EV 104.4 MPH), Distance : 396 ft
|
Batting: RHB Bobby Witt Jr.
|
0-0: Ball 1-0: Ground out 6-3 (Groundball, 6, EV 105.0 MPH)
|
Batting: LHB Kyle Manzardo
|
0-0: Fly out, F9 (Flyball, 89M, EV 98.1 MPH)
|
Bottom of the 3rd over - 1 run, 1 hit, 0 errors, 0 left on base; Philadelphia 2 - New York 3 |
TOP OF THE 4TH |
Philadelphia Phillies batting - Pitching for New York Mets : RHP Jon Gray
|
Batting: RHB Albert Pujols
|
0-0: Foul Ball, location: 5FF 0-1: Foul Ball, location: 2F 0-2: Ball 1-2: Strikes out swinging
|
Batting: RHB Andrew McCutchen
|
0-0: Ball 1-0: Called Strike 1-1: Swinging Strike 1-2: Strikes out swinging
|
Batting: RHB William Contreras
|
0-0: Called Strike 0-1: Ground out 6-3 (Groundball, 56, EV 87.5 MPH)
|
Top of the 4th over - 0 runs, 0 hits, 0 errors, 0 left on base; Philadelphia 2 - New York 3 |
BOTTOM OF THE 4TH |
New York Mets batting - Pitching for Philadelphia Phillies : RHP Davis Martin
|
Batting: RHB J.D. Martinez
|
0-0: Ball 1-0: Foul Ball, location: 2F 1-1: Ball 2-1: Swinging Strike 2-2: Foul Ball, location: 3SF 2-2: Foul Ball, location: 23FF 2-2: SINGLE (Groundball, 25, EV 65.0 MPH) (infield hit)
|
Batting: LHB Jake McCarthy
|
0-0: Ball Wild Pitch! J.D. Martinez to second 1-0: SINGLE (Groundball, 6MD, EV 101.3 MPH) J.D. Martinez to third Runner from 3rd tries for Home, SAFE, throw by CF to home Jake McCarthy to second
|
Batting: RHB Ryan Mountcastle
|
0-0: Ball 1-0: Called Strike 1-1: Called Strike 1-2: Strikes out looking
|
Batting: RHB Willy Adames
|
0-0: Called Strike 0-1: Ball 1-1: Swinging Strike 1-2: Fly out, F8 (Flyball, 8RM, EV 96.3 MPH)
|
Batting: RHB Michael A. Taylor
|
0-0: Ball 1-0: Fly out, F7 (Flyball, 7D, EV 92.5 MPH)
|
Bottom of the 4th over - 1 run, 2 hits, 0 errors, 1 left on base; Philadelphia 2 - New York 4 |
TOP OF THE 5TH |
Philadelphia Phillies batting - Pitching for New York Mets : RHP Jon Gray
|
Batting: RHB Jonathan Schoop
|
0-0: Ball 1-0: Ball 2-0: Ball 3-0: Called Strike 3-1: Foul Ball, location: 23FF 3-2: Foul Ball, location: 3DF 3-2: Foul Ball, location: 2F 3-2: Reached on error, E5 (Groundball, 56, EV 103.1 MPH)
|
Batting: RHB Avisail Garcia
|
0-0: Ball Jonathan Schoop steals 2nd base 1-0: Called Strike 1-1: Ball 2-1: Ball 3-1: Called Strike 3-2: Ground out 4-3 (Groundball, 6MD, EV 102.5 MPH)
|
Batting: LHB Nick Maton
|
0-0: Ball 1-0: Ball 2-0: Ground out 4-3 (Groundball, 4, EV 85.6 MPH) Jonathan Schoop to third
|
Batting: RHB Oscar Gonzalez
|
0-0: Ball 1-0: Fly out, F4 (Popup, 4M, EV 59.4 MPH)
|
Top of the 5th over - 0 runs, 0 hits, 1 error, 1 left on base; Philadelphia 2 - New York 4 |
BOTTOM OF THE 5TH |
New York Mets batting - Pitching for Philadelphia Phillies : RHP Davis Martin
|
Batting: RHB Christian Vázquez
|
0-0: Called Strike 0-1: Foul Ball, location: 9LSF 0-2: Ground out U3 (Groundball, 34S, EV 86.3 MPH)
|
Batting: LHB Jake Cronenworth
|
0-0: Swinging Strike 0-1: SINGLE (Groundball, P, EV 83.1 MPH) (infield hit)
|
Batting: RHB Bobby Witt Jr.
|
0-0: Ball 1-0: Ball 2-0: Foul Ball, location: 9LDF 2-1: Fielders Choice at 2nd, 4-6 (Groundball, 34, EV 90.6 MPH)
|
Batting: LHB Kyle Manzardo
|
0-0: Ball 1-0: Called Strike Bobby Witt Jr. steals 2nd base 1-1: Swinging Strike 1-2: Foul Ball, location: 2F 1-2: Ball 2-2: Strikes out swinging
|
Bottom of the 5th over - 0 runs, 1 hit, 0 errors, 1 left on base; Philadelphia 2 - New York 4 |
TOP OF THE 6TH |
Philadelphia Phillies batting - Pitching for New York Mets : RHP Jon Gray
|
Batting: RHB George Springer
|
0-0: Called Strike 0-1: Ball 1-1: Fly out, F7 (Flyball, 7, EV 83.8 MPH)
|
Batting: RHB Austin Riley
|
0-0: Swinging Strike 0-1: Ball 1-1: Foul Ball, location: 2F 1-2: Strikes out swinging
|
Batting: RHB Albert Pujols
|
0-0: Called Strike 0-1: Foul Ball, location: 7LSFF 0-2: Foul Ball, location: 3DF 0-2: Fly out, F7 (Flyball, 7D, EV 88.8 MPH)
|
Top of the 6th over - 0 runs, 0 hits, 0 errors, 0 left on base; Philadelphia 2 - New York 4 |
BOTTOM OF THE 6TH |
New York Mets batting - Pitching for Philadelphia Phillies : RHP Davis Martin
|
Batting: RHB J.D. Martinez
|
0-0: Ball 1-0: Ball 2-0: Ball 3-0: Base on Balls
|
Batting: LHB Jake McCarthy
|
0-0: Ball 1-0: Called Strike 1-1: Fielders Choice at 2nd, 6-4 (Groundball, 6, EV 80.6 MPH)
|
Batting: RHB Ryan Mountcastle
|
0-0: Ball 1-0: Called Strike Jake McCarthy is caught stealing 2nd base 2-4 1-1: Ball 2-1: Ball 3-1: Base on Balls
|
Batting: RHB Willy Adames
|
0-0: DOUBLE (Line Drive, 78XD, EV 105.0 MPH) Ryan Mountcastle to third
|
Batting: RHB Michael A. Taylor
|
0-0: Ball 1-0: Ground out 4-3 (Groundball, 4, EV 85.0 MPH)
|
Bottom of the 6th over - 0 runs, 1 hit, 0 errors, 2 left on base; Philadelphia 2 - New York 4 |
TOP OF THE 7TH |
Philadelphia Phillies batting - Pitching for New York Mets : RHP Jon Gray
|
Pitching: RHP Blake Treinen
|
|
Batting: RHB Andrew McCutchen
|
0-0: Foul Ball, location: 23F 0-1: Swinging Strike 0-2: SINGLE (Line Drive, 89S, EV 100.6 MPH)
|
Batting: RHB William Contreras
|
0-0: Called Strike 0-1: Ball 1-1: Foul Ball, location: 9LDF 1-2: Fly out, F5 (Popup, 25F, EV 88.1 MPH)
|
Batting: RHB Jonathan Schoop
|
0-0: Ball 1-0: Ball 2-0: Foul Ball, location: 2F 2-1: Ball 3-1: Base on Balls Andrew McCutchen to second
|
Pinch Hitting: SHB Carlos Santana
|
0-0: Ball 1-0: Foul Ball, location: 2F 1-1: Foul Ball, location: 9LSF 1-2: Strikes out swinging
|
Pitching: RHP Kenley Jansen
|
|
Batting: LHB Nick Maton
|
0-0: Ball 1-0: Ball 2-0: Swinging Strike 2-1: Foul Ball, location: 7LSF 2-2: Strikes out looking
|
Top of the 7th over - 0 runs, 1 hit, 0 errors, 2 left on base; Philadelphia 2 - New York 4 |
BOTTOM OF THE 7TH |
New York Mets batting - Pitching for Philadelphia Phillies : RHP Davis Martin
|
Now in RF: Yonathan Perlaza
|
|
Batting: RHB Christian Vázquez
|
0-0: DOUBLE (Line Drive, 9LS, EV 103.1 MPH)
|
Batting: LHB Jake Cronenworth
|
0-0: Ball 1-0: Called Strike 1-1: Called Strike 1-2: SINGLE (Groundball, 4MD, EV 97.5 MPH) Christian Vázquez to third
|
Pitching: LHP Caleb Thielbar
|
|
Batting: RHB Bobby Witt Jr.
|
0-0: Ball 1-0: Ball 2-0: Foul Ball, location: 5SF 2-1: Ball 3-1: Base on Balls Jake Cronenworth to second
|
Batting: LHB Kyle Manzardo
|
0-0: Ball 1-0: DOUBLE (Line Drive, 89XD, EV 109.4 MPH) Christian Vázquez scores Jake Cronenworth scores Bobby Witt Jr. to third
|
Batting: RHB J.D. Martinez
|
0-0: SINGLE (Line Drive, 6MD, EV 98.8 MPH) Bobby Witt Jr. scores Kyle Manzardo to third
|
Batting: LHB Jake McCarthy
|
0-0: Foul Ball, location: 23F 0-1: Called Strike 0-2: SINGLE (Line Drive, 4MD, EV 110.6 MPH) Kyle Manzardo scores J.D. Martinez to second
|
Batting: RHB Ryan Mountcastle
|
0-0: Ball 1-0: Ball 2-0: Foul Ball, location: 9LMF 2-1: Ball 3-1: SINGLE (Line Drive, 56, EV 101.3 MPH) J.D. Martinez to third Jake McCarthy to second
|
Batting: RHB Willy Adames
|
0-0: Called Strike 0-1: SINGLE (Groundball, 34D, EV 102.5 MPH) J.D. Martinez scores Jake McCarthy to third Ryan Mountcastle to second Runner from 3rd tries for Home, SAFE, throw by RF to home
|
Pitching: RHP Vladimir Gutierrez
|
|
Batting: RHB Michael A. Taylor
|
0-0: Called Strike 0-1: Swinging Strike 0-2: Ball 1-2: Strikes out swinging
|
Batting: RHB Christian Vázquez
|
0-0: Ball Wild Pitch! Ryan Mountcastle to third Willy Adames to second 1-0: Ball 2-0: Reached via error on a dropped throw from 3B, E3 (Groundball, 56S, EV 84.4 MPH) Ryan Mountcastle scores
|
Batting: LHB Jake Cronenworth
|
0-0: Ball 1-0: Ball 2-0: Ball 3-0: Base on Balls Willy Adames to third Christian Vázquez to second
|
Batting: RHB Bobby Witt Jr.
|
0-0: Called Strike 0-1: Foul Ball, location: 3DF 0-2: Foul Ball, location: 2F 0-2: Foul Ball, location: 3SF 0-2: Grounds into double play, 3-2-3 (Groundball, 3, EV 79.4 MPH)
|
Bottom of the 7th over - 7 runs, 7 hits, 1 error, 2 left on base; Philadelphia 2 - New York 11 |
TOP OF THE 8TH |
Philadelphia Phillies batting - Pitching for New York Mets : RHP Kenley Jansen
|
Pinch Hitting: RHB Tim Lopes
|
0-0: Fly out, F7 (Flyball, 7, EV 95.6 MPH)
|
Batting: RHB George Springer
|
0-0: Called Strike 0-1: Ball 1-1: Swinging Strike 1-2: Strikes out swinging
|
Pinch Hitting: SHB Ehire Adrianza
|
0-0: Ball 1-0: Ball 2-0: Called Strike 2-1: Ball 3-1: Foul Ball, location: 2F 3-2: Base on Balls
|
Batting: RHB Albert Pujols
|
0-0: Ball 1-0: Called Strike 1-1: Foul Ball, location: 9LMF 1-2: Strikes out swinging, 2-3 out at first.
|
Top of the 8th over - 0 runs, 0 hits, 0 errors, 1 left on base; Philadelphia 2 - New York 11 |
BOTTOM OF THE 8TH |
New York Mets batting - Pitching for Philadelphia Phillies : RHP Vladimir Gutierrez
|
Now at 3B: Nick Maton
|
|
Now at SS: Ehire Adrianza
|
|
Now in LF: Tim Lopes
|
|
Batting: LHB Kyle Manzardo
|
0-0: Called Strike 0-1: Fly out, F6 (Popup, 6MS, EV 75.0 MPH)
|
Batting: RHB J.D. Martinez
|
0-0: Swinging Strike 0-1: Foul Ball, location: 9LSF 0-2: Strikes out swinging
|
Batting: LHB Jake McCarthy
|
0-0: Ball 1-0: Foul Ball, location: 7LDF 1-1: Ball 2-1: DOUBLE (Flyball, 7LD, EV 109.4 MPH)
|
Batting: RHB Ryan Mountcastle
|
0-0: Foul Ball, location: 9LMF 0-1: Called Strike 0-2: Foul Ball, location: 25F 0-2: Ground out 4-3 (Groundball, 4M, EV 78.1 MPH)
|
Bottom of the 8th over - 0 runs, 1 hit, 0 errors, 1 left on base; Philadelphia 2 - New York 11 |
TOP OF THE 9TH |
Philadelphia Phillies batting - Pitching for New York Mets : RHP Kenley Jansen
|
Pitching: RHP Luis Gil
|
|
Batting: RHB Andrew McCutchen
|
0-0: Ball 1-0: Foul Ball, location: 2F 1-1: Foul Ball, location: 9LSF 1-2: Ground out 5-3 (Groundball, 56, EV 108.8 MPH)
|
Batting: RHB William Contreras
|
0-0: Ball 1-0: Ball 2-0: Called Strike 2-1: Ball 3-1: Base on Balls
|
Batting: RHB Jonathan Schoop
|
0-0: Swinging Strike 0-1: Ball 1-1: Swinging Strike 1-2: Strikes out swinging
|
Batting: SHB Yonathan Perlaza
|
0-0: Ball 1-0: Foul Ball, location: 9LMF 1-1: Foul Ball, location: 2F 1-2: Ball 2-2: Foul Ball, location: 7LDF 2-2: Strikes out swinging
|
Top of the 9th over - 0 runs, 0 hits, 0 errors, 1 left on base; Philadelphia 2 - New York 11 |
|